 Dungeon Crawl Stone Soup version 0.17-a0-1646-geb1493d (webtiles) character file.

112 LilCorpsy the Twirler (level 4, -3/35 HPs)
             Began as a Demonspawn Gladiator on Aug 10, 2015.
             Slain by Sigmund
             ... wielding a +0 scythe
              (8 damage)
             ... on level 2 of the Dungeon.
             The game lasted 00:08:32 (2893 turns).

LilCorpsy the Twirler (Demonspawn Gladiator)        Turns: 2893, Time: 00:08:32

Health: -3/35      AC:  6    Str: 16    XL:     4   Next: 64%
Magic:  4/4        EV: 18    Int: 10    God:
Gold:   86         SH:  0    Dex: 18    Spells: 0 memorised, 3 levels left

rFire  + . .     SeeInvis .     a - +1 quarterstaff
rCold  . . .     Clarity  .     b - +0 leather armour
rNeg   + . .     SustAt   .     (no shield)
rPois  +         Gourm    .     c - +0 helmet
rElec  .         Spirit   .     s - +0 cloak
rCorr  .         Warding  +     t - +0 pair of gloves
rMut   .         Stasis   .     (no boots)
MR     .....                    u - amulet of warding
Stlth  ++........               j - +3 ring of slaying
                                l - ring of poison resistance

@: agile, not resistant to hostile enchantments, unstealthy
A: claws 1, fire resistance 1, powered by pain 1
a: no special abilities


You were on level 2 of the Dungeon.
You were not hungry.

You visited 1 branch of the dungeon, and saw 3 of its levels.

You collected 86 gold pieces.

Inventory:

Hand weapons
 a - a +1 quarterstaff (weapon)
Missiles
 d - 3 throwing nets (quivered)
Armour
 b - a +0 leather armour (worn)
 c - a +0 helmet (worn)
 s - a +0 cloak (worn)
 t - a +0 pair of gloves (worn)
Jewellery
 j - a +3 ring of slaying (right hand)
 l - a ring of poison resistance (left hand)
 u - an amulet of warding (around neck)
Scrolls
 g - 2 scrolls of recharging
 p - 2 scrolls of noise
 r - a scroll of fear
Potions
 f - 2 potions of curing
Comestibles
 e - 3 bread rations
 i - a beef jerky
 n - a royal jelly
 q - 5 fruits


   Skills:
 + Level 3.0 Fighting
 * Level 4.4 Staves
 - Level 1.7 Throwing
 - Level 2.6 Dodging


You had 3 spell levels left.
You didn't know any spells.

Dungeon Overview and Level Annotations

Branches:
Dungeon (3/15)

Altars:
Gozag
Zin

Annotations:
D:3 Sigmund


Innate Abilities, Weirdness & Mutations

Your flesh is heat resistant.
You sometimes gain a little power by taking damage.
You have sharp fingernails.


Message History

The magic dart hits you!
* * * LOW HITPOINT WARNING * * *
There is a stone staircase leading up, spattered with blood here.
You feel less confused. Something barely misses you.
You climb upwards.
There is a stone staircase leading down here.
You start resting.
You hear some strange, mumbled words.
Something tries to affect you, but you resist.
You start resting.
Something hits you.
* * * LOW HITPOINT WARNING * * *
As you read the scroll labeled WUGGOYLUCWUB, it crumbles to dust.
You feel forgetful for a moment.
It was a scroll of amnesia.
As you read the scroll labeled TOQUBR ZAEQ, it crumbles to dust.
It is a scroll of enchant weapon.
Enchant which weapon? (? for menu, Esc to quit)
Your +0 quarterstaff glows red for a moment.
Something hits you!
You die...

.###.######## #.##.#.# #...#
.###.# #......# #...### .....#
####.### ##.##.. .....#
###.##### #.##.# ####.#
#.......# #÷.... #.#
#####†#.###.# ##....
#.#######.......###.######.#.#
#.........###.##.........)....
########### #@##.##.######.#..
#.##.##.# ##†##. #.......#
#..... ###..#### #..... #.##
####.###. #.# #........ #.#
#.......# #.# #.......# #.#
#.......#


There were no monsters in sight!

Vanquished Creatures
  6 adders
  2 oozes
  3 worms (D:2)
  4 giant cockroaches
  3 hobgoblins
  A quokka (D:2)
  8 bats
  2 giant newts (D:2)
  7 goblins
  5 kobolds
  3 rats
44 creatures vanquished.

Notes
Turn   | Place    | Note
--------------------------------------------------------------
     0 | D:1      | LilCorpsy the Demonspawn Gladiator began the quest for the Orb.
     0 | D:1      | Reached XP level 1. HP: 16/16 MP: 1/1
   126 | D:1      | Reached skill level 3 in Staves
   283 | D:1      | Gained mutation: Your flesh is heat resistant. [demonic ancestry]
   283 | D:1      | Reached XP level 2. HP: 17/22 MP: 2/2
   797 | D:2      | Gained mutation: You sometimes gain a little power by taking damage. [demonic ancestry]
   797 | D:2      | Reached XP level 3. HP: 10/28 MP: 3/3
  1474 | D:2      | Reached skill level 4 in Staves
  1803 | D:2      | Reached XP level 4. HP: 27/34 MP: 4/4
  2053 | D:2      | Found an opulent altar of Gozag.
  2054 | D:2      | Found a glowing silver altar of Zin.
  2166 | D:3      | Found a faded altar to an unknown god.
  2442 | D:3      | Noticed Sigmund
  2450 | D:3      | Gained mutation: You have sharp fingernails. [potion of beneficial mutation]
  2893 | D:2      | Slain by Sigmund

Vault maps used:
D:1:      dpeg_arrival_shelter
D:2:      grunt_temple_overflow_gold_and_silver
D:3:      ecumenical_altar_2, roderic_lattice_a, uniq_sigmund

Action                   |  1- 3 |  4- 6 || total
-------------------------+-------+-------++-------
Melee: Quarterstaff      |    87 |    59 ||   146
  Use: Scroll            |       |     8 ||     8
       Potion            |       |     5 ||     5
 Stab: Sleeping          |     1 |       ||     1
  Eat: Meat ration       |     1 |       ||     1
       Pizza             |     1 |       ||     1
